 Dungeon Crawl Stone Soup version 0.23-a0-33-g1e3a2e4e2f (webtiles) character file.

55 Jupotter the Shield-Bearer (level 3, 0/33 HPs)
             Began as a Minotaur Fighter on Aug 5, 2018.
             Was an Initiate of Cheibriados.
             Slain by Natasha (1 damage)
             ... on level 2 of the Dungeon.
             The game lasted 00:03:40 (761 turns).

Jupotter the Shield-Bearer (Minotaur Fighter)        Turns: 761, Time: 00:03:40

Health: 0/33       AC:  8    Str: 21    XL:     3   Next: 67%
Magic:  2/2        EV:  7    Int:  7    God:    Cheibriados [......]
Gold:   76         SH:  9    Dex: 10    Spells: 2/2 levels left

rFire    . . .     SeeInvis .   a - +0 war axe
rCold    . . .     Gourm    .   c - +0 shield
rNeg     . . .     Faith    .   b - +0 scale mail
rPois    .         Spirit   .   (helmet restricted)
rElec    .         Reflect  .   (no cloak)
rCorr    .         Harm     .   (no gloves)
MR       .....                  j - +0 pair of boots
Stlth    ..........             (no amulet)
HPRegen  0.11/turn              (no ring)
MPRegen  0.08/turn              (no ring)

@: slow
A: retaliatory headbutt, horns 2
a: Bend Time, Renounce Religion


You were on level 2 of the Dungeon.
You worshipped Cheibriados.
Cheibriados was noncommittal.
You were not hungry.

You visited 1 branch of the dungeon, and saw 2 of its levels.

You collected 76 gold pieces.

Inventory:

Hand Weapons
 a - a +0 war axe (weapon)
Missiles
 l - 6 tomahawks of dispersal (quivered) {=f}
Armour
 b - a +0 scale mail (worn)
 c - a +0 shield (worn)
 j - a +0 pair of boots (worn)
Scrolls
 e - a scroll of fear {unknown}
 h - a scroll of teleportation {unknown}
 i - 3 scrolls of identify {unknown}
 m - a scroll of random uselessness {unknown}
Potions
 d - a potion of might
Comestibles
 f - a ration
 g - 8 chunks of flesh


   Skills:
 * Level 4.1 Fighting
 * Level 3.2 Axes
 + Level 0.6 Throwing
 * Level 4.1 Armour
 * Level 4.2 Shields


You had 2 spell levels left.
You didn't know any spells.
Your spell library was empty.

Dungeon Overview and Level Annotations

Branches:
Dungeon (2/15)

Altars:
Cheibriados

Annotations:
D:2 Natasha


Innate Abilities, Weirdness & Mutations

You reflexively headbutt those who attack you in melee.
You have a pair of horns on your head.


Message History

Natasha casts a spell at you. The magic dart hits you!
You closely miss Natasha.
Natasha is almost dead.
You slash the shadow imp! You slash the crimson imp!
You kill the crimson imp!
You block the shadow imp's attack. Natasha claws you but does no damage.
The shadow imp hits you.
* * * LOW HITPOINT WARNING * * *
Natasha claws you.
* * * LOW HITPOINT WARNING * * *
It was a potion of curing.
You feel better. You block the shadow imp's attack. Natasha claws you!
* * * LOW HITPOINT WARNING * * *
You closely miss Natasha. Your headbutt misses Natasha.
Natasha is almost dead.
You hit the shadow imp.
You kill the shadow imp!
Natasha claws you.
You die...

.....### ........ .....!..
...... ........####......
.......#...#......
.......#...#......
......h#...#..... ..#
........†@........ ..#
..............###. ...#
.<.......%....# ...#
..............######...#
....%..................#
.......................###
+.............(.).......
.####'###....##.........
#.##......#.##......


You could see Natasha.

Vanquished Creatures
  2 adders (D:2)
  An ooze (D:2)
  A dart slug (D:1)
  3 leopard geckos
  2 giant cockroaches (D:1)
  A goblin (D:1)
  3 hobgoblins
  3 kobolds
  A ball python (D:2)
  3 bats
  4 frilled lizards
  6 rats
30 creatures vanquished.

Notes
Turn   | Place    | Note
-------+----------+-------------------------------------------
     0 | D:1      | Jupotter the Minotaur Fighter began the quest for the Orb.
     0 | D:1      | Reached XP level 1. HP: 19/19 MP: 0/0
   153 | D:1      | Reached XP level 2. HP: 27/27 MP: 1/1
   561 | D:2      | Reached XP level 3. HP: 33/33 MP: 2/2
   675 | D:2      | Found a snail-covered altar of Cheibriados.
   708 | D:2      | Became a worshipper of Cheibriados the Contemplative
   744 | D:2      | Noticed Natasha
   760 | D:2      | HP: 1/33 [Natasha (8)]
   761 | D:2      | Slain by Natasha

Vault maps used:
D:1:      minmay_arrival_four_circles
D:2:      old_standard_altar, first_ration, uniq_natasha

Skill      XL: |  1  2 |
---------------+-------+-----
Axes           | 3 |  3.2
Fighting       | 4 |  4.1
Armour         | 4 |  4.1
Shields        | 4 |  4.2
Throwing       | |  0.6

Action                   || total
-------------------------++-------
Melee: War axe           ||    86
       Headbutt          ||    10
  Use: Potion            ||     1
Armor: Scale mail        ||    45
Dodge: Dodged            ||    37
Block: Shield            ||    51

Table legend:
 A = Spawn XP
 B = Non-spawn XP
 C = Spawn XP percentage of total XP
 D = Spawn monster count
 E = Non-spawn monster count
 F = Spawn count percentage of total count
 G = Total turns spent on level
                    A         B        C        D         E        F      G
               +---------+---------+-------+---------+---------+-------+---------
         Total |       0 |      79 |   0.0 |       0 |      30 |   0.0 |   761
               +---------+---------+-------+---------+---------+-------+---------
           D:1 |       0 |      30 |   0.0 |       0 |      17 |   0.0 |   555
           D:2 |       0 |      49 |   0.0 |       0 |      13 |   0.0 |   206
               +---------+---------+-------+---------+---------+-------+---------
